 Dungeon Crawl Stone Soup version 0.28-a0-1395-g4f6bc678fa (webtiles) character file.

Game seed: 16023840479950501847

148 croobank the Skirmisher (level 5, -3/47 HPs)
             Began as a Hill Orc Fighter on Jan 4, 2022.
             Slain by a black bear (4 damage)
             ... on level 4 of the Dungeon.
             The game lasted 00:12:24 (2563 turns).

croobank the Skirmisher (Hill Orc Fighter)          Turns: 2563, Time: 00:12:24

Health: -3/47      AC:  7    Str: 21    XL:     5   Next: 30%
Magic:  5/5        EV:  9    Int:  8    God:
Gold:   123        SH:  4    Dex: 10    Spells: 4/4 levels left

rFire   . . .      SeeInvis .   k - +3 short sword
rCold   . . .      Faith    .   c - +0 buckler
rNeg    . . .      Spirit   .   b - +0 scale mail
rPois   .          Reflect  .   (no helmet)
rElec   .          Harm     .   (no cloak)
rCorr   .          Rampage  .   (no gloves)
Will    .....                   (no boots)
Stlth   ..........              (no amulet)
HPRegen 0.15/turn               (no ring)
MPRegen 0.09/turn               (no ring)

@: no status effects
A: no striking features
a: no special abilities


You were on level 4 of the Dungeon.
You visited 1 branch of the dungeon, and saw 4 of its levels.

You collected 123 gold pieces.

Inventory:

Hand Weapons
 a - a +0 war axe
 e - a +0 hunting sling
 k - a +3 short sword (weapon)
 q - a +2 trident of holy wrath
Missiles
 h - 2 javelins (quivered)
 i - 30 poisoned darts
 p - 48 bolts
 t - 21 arrows
 y - 15 stones
Armour
 b - a +0 scale mail (worn)
 c - a +0 buckler (worn)
 r - a +0 chain mail
Scrolls
 f - a scroll of fog {unknown}
 g - a scroll of magic mapping {unknown}
 j - a scroll of identify {unknown}
 m - a scroll of brand weapon {unknown}
 n - a scroll of torment {unknown}
 o - a scroll of vulnerability {unknown}
 u - a scroll of noise {unknown}
 v - a scroll of immolation {unknown}
 w - a scroll of fear {unknown}
 x - a scroll of blinking {unknown}
Potions
 d - a potion of might
 l - a potion of invisibility {unknown}
 s - a potion of attraction {unknown}


   Skills:
 + Level 4.6 Fighting
 + Level 4.2 Axes
 + Level 4.3 Armour
 + Level 4.2 Shields


You had 4 spell levels left.
You didn't know any spells.
Your spell library contained the following spells:

 Spells                   Type           Power      Damage    Failure   Level
 Beastly Appendage        Tmut           0%         N/A       75%         1
 Wereblood                Tmut           0%         N/A       86%         2
 Spider Form              Tmut/Pois      0%         N/A       98%         3


Dungeon Overview and Level Annotations

Branches:
Dungeon (4/15)
 Temple: D:4-7

Altars:
Cheibriados
Gozag
Nemelex Xobeh
Ru


Message History

The black bear is heavily wounded.
The black bear bites you but does no damage.
The black bear completely misses you.
The black bear claws you but does no damage.
You barely miss the black bear.
The black bear is heavily wounded.
The black bear bites you. The black bear completely misses you.
The black bear barely misses you.
You hit the black bear.
The black bear is heavily wounded.
The black bear bites you but does no damage.
You block the black bear's attack. The black bear claws you.
You barely miss the black bear.
The black bear is heavily wounded.
The black bear bites you but does no damage.
You block the black bear's attack. The black bear claws you.
You hit the black bear.
The black bear is heavily wounded.
The black bear bites you but does no damage.
The black bear claws you but does no damage. x2
You hit the black bear.
The black bear is severely wounded.
The black bear goes berserk!
You hit the black bear.
The black bear is almost dead.
The black bear bites you but does no damage.
The black bear claws you but does no damage.
The black bear closely misses you. The black bear misses you.
The black bear closely misses you.
The black bear claws you but does no damage.
You closely miss the black bear.
The black bear is almost dead.
The black bear bites you. The black bear claws you.
The black bear claws you but does no damage.
The black bear bites you!
* * * LOW HITPOINT WARNING * * *
The black bear claws you.
* * * LOW HITPOINT WARNING * * *
The black bear claws you.
You die...

...# .#.####.#.##.#
.### ############.#
..#.##.# .#
.............#
####.##.#
.############.....####
#.##.#
............'.........
#....#
.############.....###
#.#### .#
#.........### #.# .#
#.#######.######## ###
.# #.>@h...... .#
########### .# .#


You could see a black bear (berserk).

Vanquished Creatures
  A phantom (D:4)
  A hound skeleton (D:4)
  An adder (D:3)
  An adder skeleton (D:4)
  A dart slug (D:3)
  2 orcs (D:4)
  3 ball pythons
  3 endoplasms
  3 giant cockroaches
  3 goblins
  7 hobgoblins
  3 jackals (D:3)
  5 kobolds
  5 quokkas
  5 bats
  2 frilled lizards (D:3)
46 creatures vanquished.

Notes
Turn   | Place    | Note
-------+----------+-------------------------------------------
     0 | D:1      | croobank the Hill Orc Fighter began the quest for the Orb.
     0 | D:1      | Reached XP level 1. HP: 19/19 MP: 1/1
   254 | D:1      | Reached XP level 2. HP: 27/27 MP: 2/2
  1096 | D:2      | Found a faded altar of an unknown god.
  1096 | D:2      | You fall into a shaft and drop 1 floor!
  1225 | D:3      | Reached XP level 3. HP: 25/33 MP: 3/3
  1763 | D:3      | Found a sacrificial altar of Ru.
  2126 | D:4      | Found a sparkling altar of Nemelex Xobeh.
  2127 | D:4      | Found a snail-covered altar of Cheibriados.
  2195 | D:4      | Found an opulent altar of Gozag.
  2234 | D:4      | Reached XP level 4. HP: 34/40 MP: 4/4
  2368 | D:4      | Noticed a phantom
  2380 | D:4      | Killed a phantom
  2381 | D:4      | Reached XP level 5. HP: 38/47 MP: 5/5
  2544 | D:4      | Noticed a black bear
  2563 | D:4      | HP: 1/47 [black bear (6)]
  2563 | D:4      | Slain by a black bear

Illustrated notes

Levels and vault maps discovered:
D:1:      nicolae_arrival_somewhat_less_tricky_arrival, layout_basic
D:2:      layout_rooms, nicolae_ecumenical_pavilion, uniq_terence
D:3:      layout_loops_corners, mainiacjoe_overflow_tiny_flanked,
          minmay_goblin_kobold_house
D:4:      layout_basic, mainiacjoe_overflow_divided_tiny, lemuel_crystal_altar

Skill      XL: |  1  2  3  4 |
---------------+-------------+-----
Axes           | 3 4 |  4.2
Fighting       | 4 |  4.6
Armour         | 4 |  4.3
Shields        | 4 |  4.2

Action                   |  1- 3 |  4- 6 || total
-------------------------+-------+-------++-------
Melee: War axe           |    41 |       ||    41
       Short sword       |    74 |    35 ||   109
  Use: Scroll            |       |     1 ||     1
Armor: Scale mail        |    59 |    23 ||    82
Dodge: Dodged            |    41 |    22 ||    63
Block: Buckler           |    22 |    10 ||    32

Table legend: (Time is in decaauts)
 A = Elapsed time spent in this place.
 B = Non-inter-level travel time spent in this place.
 C = Inter-level travel time spent in this place.
 D = Time resting spent in this place.
 E = Time spent auto-exploring this place.
 F = Levels seen in this place.
 G = Mean time per level.
                   A        B        C        D        E       F      G
               +--------+--------+--------+--------+--------+-----+--------+
         Total |   2588 |   2508 |     80 |    133 |   1729 |   4 |  647.0 |
       Dungeon |   2588 |   2508 |     80 |    133 |   1729 |   4 |  647.0 |
               +--------+--------+--------+--------+--------+-----+--------+

Top non-repeatable levels by time:
     D:1: 1111 daAuts
     D:3: 1031 daAuts
     D:4: 445 daAuts
